 Dungeon Crawl Stone Soup version 0.24.0-13-gcf9b319 (webtiles) character file.

Game seed: 1763963149081289509, levelgen mode: deterministic

2142 Bronimir the Magician (level 9, -1/46 HPs)
             Began as a Deep Elf Fire Elementalist on Apr 23, 2020.
             Was an Initiate of Vehumet.
             Killed from afar by Dowan (4 damage)
             ... with a puff of frost
             ... on level 7 of the Dungeon.
             The game lasted 00:17:33 (7962 turns).

Bronimir the Magician (Deep Elf Fire Elementalist)  Turns: 7962, Time: 00:17:34

Health: -1/46      AC:  8    Str:  4 (5)  XL:     9   Next: 9%
Magic:  6/21       EV: 16    Int: 21 (24) God:    Vehumet [......]
Gold:   291        SH:  5    Dex: 21 (23) Spells: 7/22 levels left

rFire    . . .     SeeInvis .   a - +1 quarterstaff
rCold    . . .     Gourm    .   (shield currently unavailable)
rNeg     . . .     Faith    .   f - +0 ring mail
rPois    .         Spirit   .   y - +0 hat
rElec    .         Reflect  +   J - +1 cloak
rCorr    .         Harm     .   I - +0 pair of gloves
MR       .....                  (no boots)
Stlth    +++.......             m - +5 amulet of reflection
HPRegen  0.15/turn              r - ring of wizardry
MPRegen  0.17/turn              k - +3 ring of dexterity

@: agile, about to teleport, very slightly contaminated
A: no striking features
a: Renounce Religion


You were on level 7 of the Dungeon.
You worshipped Vehumet.
Vehumet was noncommittal.
You were near starving.

You visited 2 branches of the dungeon, and saw 9 of its levels.

You collected 291 gold pieces.

Inventory:

Hand Weapons
 a - a +1 quarterstaff (weapon)
 b - a +0 shortbow
 l - a +0 mace
 x - a +0 short sword
 K - a +0 long sword
Missiles
 i - 41 poisoned darts (quivered)
 j - 131 arrows
 o - 249 stones
 p - 36 sling bullets
 E - 11 bolts
Armour
 d - a +0 pair of gloves
 f - a +0 ring mail (worn)
 g - a +0 buckler
 s - a +0 leather armour
 t - a +0 robe
 y - a +0 hat (worn)
 I - a +0 pair of gloves (worn)
 J - a +1 cloak (worn)
Jewellery
 k - a +3 ring of dexterity (right hand)
 m - a +5 amulet of reflection (around neck)
 q - an uncursed ring of ice
 r - a ring of wizardry (left hand)
 N - a -2 ring of evasion
Wands
 C - a wand of random effects (27)
Scrolls
 e - 6 scrolls of identify
 h - 6 scrolls of remove curse
 B - a scroll of blinking
 G - a scroll of enchant weapon
 M - 2 scrolls of amnesia {unknown}
Potions
 n - 2 potions of agility
 w - 2 potions of flight
 z - a potion of brilliance
 H - 2 potions of curing
Comestibles
 c - 7 rations


   Skills:
 + Level 0.7 Fighting
 + Level 0.2 Short Blades
 * Level 3.5 Staves
 * Level 3.1 Armour
 * Level 5.0 Dodging
 + Level 2.8 Stealth
 * Level 3.0 Shields
 * Level 7.2 Spellcasting
 * Level 5.5 Conjurations
 * Level 6.6 Fire Magic
 + Level 0.1 Evocations


You had 7 spell levels left.
You knew the following spells:

 Your Spells              Type           Power        Failure   Level  Hunger
a - Flame Tongue          Conj/Fire      ####.        1%          1    None
b - Throw Flame           Conj/Fire      ####..       2%          2    None
c - Conjure Flame         Conj/Fire      ####....     4%          3    None
d - Sticky Flame          Conj/Fire      ####....     16%         4    ###....
e - Fireball              Conj/Fire      ####......   38%         5    #####..

Your spell library contained the following spells:

 Spells                   Type           Power        Failure   Level  Hunger
 Inner Flame              Hex/Fire       ###.....     14%         3    None


Dungeon Overview and Level Annotations

Branches:
Dungeon (8/15)             Temple (1/1) D:6
   Lair: D:8-11

Altars:
Ashenzari
Cheibriados
Elyvilon
Fedhas
Gozag
Hepliaklqana
Kikubaaqudgha
Makhleb
Nemelex Xobeh
Okawaru
Qazlal
Ru
Sif Muna
Trog
Uskayaw
Vehumet
Wu Jian
Xom
Yredelemnul
Zin
The Shining One

Annotations:
D:7 Dowan, Duvessa


Message History

Your resistance to elements expires.
You float gracefully downwards.
You feel a little less clever now.
There is a large open door here.
There is a large open door, spattered with blood here.
Items here: ))) [[[ Duvessa and Dowan come into view.
Dowan is wielding a +1 vampiric dagger.
Found a potion of curing.
Dowan shouts!
Duvessa shouts!
Dowan casts a spell at you. The puff of frost hits you!
* * * LOW HITPOINT WARNING * * *
Found a scroll of identify.
Duvessa drinks a potion.
Duvessa suddenly seems more agile.
Found a wand of random effects (6).
As you read the scroll of teleportation, it crumbles to dust.
You feel strangely unstable. Dowan casts a spell at you.
The puff of frost hits you.
You die...

#.######.........##
##+###.....##.........##
...........['.........##
..........##.........##
..........##.........##
####.....#######..####
#.......# ##.# #
#.....### #.## # #...@.#
#..# # #.....# ##.# #
#...e.# #z# # #....e#
#.### ........ #..##
#!......./ ##'##
#.......?. #.z..
#.......... #.... #....


You could see Duvessa and Dowan.

Vanquished Creatures
  A sky beast (D:6)
  2 ice beasts (D:7)
  2 ogres
  2 centaurs
  A big kobold (D:8)
  A gnoll sergeant (D:5)
  3 bullfrogs
  A scorpion (D:7)
  3 wights (D:7)
  A howler monkey (D:6)
  A crimson imp (D:5)
  A bullfrog zombie (D:5)
  A jelly (D:6)
  A centaur skeleton (D:5)
  3 hounds
  A bullfrog skeleton (D:6)
  An iguana (D:4)
  Natasha (thrice) (D:2)
  6 worker ants
  A killer bee zombie (D:7)
  3 hound skeletons
  19 gnolls
  2 worker ant zombies
  12 adders
  An ooze (D:1)
  2 adder skeletons
  2 worms (D:4)
  2 dart slugs
  4 leopard geckos
  8 orcs
  A ball python (D:1)
  6 bats
  6 giant cockroaches
  12 goblins
  4 hobgoblins
  17 jackals
  13 kobolds
  2 quokkas (D:2)
  7 frilled lizards
  A giant cockroach zombie (D:5)
  A leopard gecko skeleton (D:5)
  6 rats
167 creatures vanquished.

Notes
Turn   | Place    | Note
-------+----------+-------------------------------------------
     0 | D:1      | Bronimir the Deep Elf Fire Elementalist began the quest for
                  | the Orb.
     0 | D:1      | Reached XP level 1. HP: 10/10 MP: 6/6
   311 | D:1      | Reached XP level 2. HP: 15/15 MP: 5/8
   315 | D:1      | Learned a level 2 spell: Throw Flame
   712 | D:1      | Reached XP level 3. HP: 19/19 MP: 2/10
   937 | D:2      | Learned a level 3 spell: Conjure Flame
   967 | D:2      | Reached skill level 4 in Spellcasting
   983 | D:2      | Reached XP level 4. HP: 14/24 MP: 0/12
  1521 | D:2      | Reached XP level 5. HP: 21/28 MP: 9/13
  1579 | D:2      | Noticed Natasha
  1586 | D:2      | Killed Natasha
  1612 | D:2      | Noticed Natasha
  1649 | D:2      | Killed Natasha
  1649 | D:2      | Reached skill level 1 in Armour
  2151 | D:2      | Noticed Natasha
  2154 | D:2      | Killed Natasha
  2399 | D:3      | Reached skill level 5 in Fire Magic
  2766 | D:3      | Found a faded altar of an unknown god.
  2772 | D:3      | Reached XP level 6. HP: 32/32 MP: 11/15
  2969 | D:3      | Reached skill level 1 in Shields
  3600 | D:4      | Reached skill level 5 in Spellcasting
  3960 | D:4      | Found a blossoming altar of Fedhas.
  4336 | D:5      | Entered Level 5 of the Dungeon
  4617 | D:5      | Reached XP level 7. HP: 27/36 MP: 5/17
  5457 | D:5      | Learned a level 4 spell: Sticky Flame
  5463 | D:5      | Learned a level 5 spell: Fireball
  5581 | D:5      | Found an opulent altar of Gozag.
  5582 | D:5      | Found a burning altar of Makhleb.
  5597 | D:5      | Found a white marble altar of Elyvilon.
  5597 | D:5      | Found a shimmering altar of Xom.
  5971 | D:5      | Found a hide-covered altar of Uskayaw.
  5973 | D:5      | Found a sacrificial altar of Ru.
  5975 | D:5      | Found a bloodstained altar of Trog.
  6197 | D:6      | Reached skill level 6 in Spellcasting
  6243 | D:6      | Reached XP level 8. HP: 41/41 MP: 11/19
  6267 | D:6      | Reached skill level 1 in Staves
  6532 | D:6      | Found a staircase to the Ecumenical Temple.
  6574 | Temple   | Entered the Ecumenical Temple
  6622 | Temple   | Became a worshipper of Vehumet
  7237 | D:6      | Reached skill level 5 in Conjurations
  7838 | D:7      | Reached skill level 7 in Spellcasting
  7901 | D:8      | Reached skill level 5 in Dodging
  7901 | D:8      | Reached XP level 9. HP: 35/46 MP: 0/21
  7958 | D:7      | Noticed Duvessa
  7958 | D:7      | Noticed Dowan
  7962 | D:7      | Killed from afar by Dowan

Levels and vault maps discovered:
D:1:      dpeg_arrival_concentric_ovals, layout_rooms
D:2:      layout_rooms, chequers_serial_rivers_small_b, chequers_arboretum,
          minmay_split_cup_small, uniq_natasha
D:3:      layout_basic, chequers_ecumenical_altar_island, first_ration
D:4:      layout_basic, fedhas_altar_4
D:5:      layout_basic, grunt_temple_overflow_open
D:6:      layout_rooms, minmay_temple_entry_glassed_door, grunt_ministairs_2,
          serial_bayou_pond_b, minmay_misc_feat_secret_circle
D:7:      layout_basic, uniq_duvessa
D:8:      minmay_spotlight, layout_rooms, grunt_dithmenos_shadows,
          nicolae_ossuary_entry_false_entrances, hangedman_pestilent_swarm,
          uniq_psyche
Temple:   cyrus_circular_temple

Skill      XL: |  1  2  3  4  5  6  7  8  9 |
---------------+----------------------------+-----
Fire Magic     | 4 5 6 |  6.6
Spellcasting   | 4 5 6 7 |  7.2
Conjurations   | 2 3 4 5 |  5.5
Dodging        | 3 4 5 |  5.0
Armour         | 1 2 3 |  3.1
Shields        | 1 2 3 |  3.0
Staves         | 3 |  3.5
Fighting       | |  0.7
Short Blades   | |  0.2
Stealth        | |  2.8
Evocations     | |  0.1

Action                   |  1- 3 |  4- 6 |  7- 9 || total
-------------------------+-------+-------+-------++-------
Melee: Unarmed           |     3 |       |       ||     3
       Short sword       |     3 |    50 |    46 ||    99
       Mace              |     1 |       |       ||     1
       Quarterstaff      |       |       |   105 ||   105
Throw: Dart              |     1 |       |       ||     1
 Cast: Flame Tongue      |    26 |    55 |    63 ||   144
       Throw Flame       |    14 |    80 |     9 ||   103
       Sticky Flame      |       |       |    32 ||    32
       Fireball          |       |       |     2 ||     2
Evoke: Wand              |       |       |     4 ||     4
  Use: Scroll            |     4 |     1 |     7 ||    12
       Potion            |       |     2 |     8 ||    10
 Stab: Sleeping          |       |       |     2 ||     2
  Eat: Chunk             |       |    12 |    13 ||    25
Armor: Robe              |     2 |       |       ||     2
       Leather armour    |     4 |    28 |       ||    32
       Ring mail         |       |    11 |   106 ||   117
Dodge: Dodged            |    15 |    48 |   142 ||   205
Block: Buckler           |     1 |    19 |    28 ||    48
       Other             |       |       |    40 ||    40
       Reflection        |       |       |     2 ||     2
